 Dungeon Crawl Stone Soup version 0.21-a0-401-g0b6bec4 (webtiles) character file.

1684 Teldranz the Ruffian (level 8, 0/117 HPs)
             Began as a Troll Berserker on Oct 24, 2017.
             Was an Elder of Trog.
             Slain by a hog (10 damage)
             ... on level 7 of the Dungeon.
             The game lasted 00:12:55 (3708 turns).

Teldranz the Ruffian (Troll Berserker)              Turns: 3708, Time: 00:12:56

Health: 0/117      AC:  5    Str: 33    XL:     8   Next: 71%
Magic:  7/7        EV: 15    Int:  3    God:    Trog [****..]
Gold:   451        SH:  0    Dex:  9    Spells: 7/7 levels left

rFire    . . .     SeeInvis +   v - +10 rapier "Wily" {vamp, Stlth+}
rCold    . . .     Gourm    +   (no shield)
rNeg     . . .     Faith    .   a - +0 animal skin
rPois    .         Spirit   .   (helmet restricted)
rElec    .         Reflect  .   (no cloak)
rCorr    .         Harm     .   (gloves unavailable)
MR       .....                  (boots unavailable)
Stlth    ..........             (no amulet)
HPRegen  0.69/turn              t - ring of see invisible
MPRegen  0.10/turn              A - +3 ring of evasion

@: berserking, very quick
A: unfitting armour, claws 3, fast metabolism 3, gourmand, regeneration 1,
shaggy fur 1, tough skin 2
a: Berserk, Trog's Hand, Brothers in Arms, Burn Spellbooks, Renounce Religion


You were on level 7 of the Dungeon.
You worshipped Trog.
Trog was greatly pleased with you.
You were very full.

You visited 1 branch of the dungeon, and saw 7 of its levels.

You collected 451 gold pieces.

Inventory:

Hand Weapons
 v - the +10 rapier "Wily" (weapon) {vamp, Stlth+}
   (You found it on level 4 of the Dungeon)

   It inflicts no extra harm, but heals its wielder when it wounds a living foe.
   It makes you more stealthy.
Armour
 a - a +0 animal skin (worn)
Jewellery
 r - an uncursed ring of protection from magic
 s - a +2 ring of intelligence {unknown}
 t - a ring of see invisible (left claw)
 A - a +3 ring of evasion (right claw)
 D - an uncursed ring of ice {unknown}
Scrolls
 d - 3 scrolls of blinking
 e - 3 scrolls of teleportation
 h - 3 scrolls of noise {unknown}
 l - a scroll of fog {unknown}
 w - 4 scrolls of remove curse {unknown}
 x - a scroll of immolation {unknown}
 y - a scroll of enchant weapon {unknown}
 E - a scroll of amnesia {unknown}
Potions
 f - 6 potions of haste
 g - a potion of invisibility
 i - a potion of berserk rage
 j - a potion of heal wounds
 n - 2 potions of might {unknown}
 p - 2 potions of curing
 q - 2 potions of agility {unknown}
 u - a potion of brilliance {unknown}
 B - 3 potions of ambrosia {unknown}
 C - 2 potions of degeneration {unknown}
Comestibles
 b - 4 bread rations
 c - a royal jelly
 k - 2 meat rations
 o - 6 fruits


   Skills:
 + Level 4.0 Fighting
 * Level 4.8 Short Blades
 * Level 5.8 Dodging
 + Level 1.0 Stealth
 - Level 6.0 Unarmed Combat


You had 7 spell levels left.
You didn't know any spells.

Dungeon Overview and Level Annotations

Branches:
Dungeon (7/15)             Temple (0/1) D:7

Altars:
Kikubaaqudgha
Okawaru
Sif Muna
Vehumet
Yredelemnul


Innate Abilities, Weirdness & Mutations

You are too large for most types of armour.
You have claws for hands.
Your metabolism is lightning-fast.
You like to eat raw meat.
Your natural rate of healing is unusually fast.
You are covered in fur. (AC +1)
You have very tough skin. (AC +2)


Message History

The hog bites you! The hog bites you.
You miss the human.
The human is lightly wounded.
The human completely misses you. The hog bites you! The hog closely misses you.
You puncture the human!
You feel better.
The human is heavily wounded.
The hog closely misses you. The hog bites you but does no damage.
The human hits you with a hand axe!
You barely miss the human.
The human is heavily wounded.
The hog bites you.
* * * LOW HITPOINT WARNING * * *
The hog bites you!
* * * LOW HITPOINT WARNING * * *
The human misses you. The hog bites you.
* * * LOW HITPOINT WARNING * * *
A red film seems to cover your vision as you go berserk!
You feel yourself moving faster!
You feel mighty!
You feel a lot less full. The hog completely misses you. The hog bites you!
You die...

#......######..............#
#......+......8............#
'......#......>............#
#......#......8............#
#......#...................#
.......######....#######+###
............#....#
............#...#######
....<.......#...@pY.%%#
............#..h#hY..%#
###+###.....###+###'###
......#....(....#.....#
......#†).......#.....#
......#.........#######
......#............
####'##............
#.....††.....######


You could see 2 yaks, 2 hogs and a human.

Vanquished Creatures
  A sky beast (D:6)
  The ghost of BigZZ40 the Skirmisher, an amateur DrFi (D:3)
  2 ogres (D:7)
  A centaur (D:7)
  4 bullfrogs
  3 scorpions
  2 howler monkeys (D:6)
  3 hounds
  6 orc priests
  6 orc wizards
  An iguana (D:4)
  3 worker ants
  Terence (D:2)
  A hound skeleton (D:5)
  A howler monkey zombie (D:6)
  7 adders
  3 oozes
  An adder zombie (D:4)
  3 worms
  2 dart slugs (D:2)
  6 leopard geckos
  21 orcs
  5 giant cockroaches
  5 goblins
  4 hobgoblins
  8 jackals
  3 quokkas
  A ball python (D:2)
  3 bats
  5 frilled lizards
  A jackal skeleton (D:5)
  11 kobolds
  7 rats
132 creatures vanquished.

Notes
Turn   | Place    | Note
-------+----------+-------------------------------------------
     0 | D:1      | Teldranz the Troll Berserker began the quest for the Orb.
     0 | D:1      | Reached XP level 1. HP: 22/22 MP: 0/0
   131 | D:1      | Reached XP level 2. HP: 29/29 MP: 1/1
   399 | D:2      | Reached XP level 3. HP: 36/36 MP: 2/2
   506 | D:2      | Found an ancient bone altar of Kikubaaqudgha.
   598 | D:2      | Reached ** piety under Trog
   766 | D:2      | Noticed Terence
   773 | D:2      | Killed Terence
   829 | D:2      | Found a deep blue altar of Sif Muna.
   831 | D:2      | Reached XP level 4. HP: 40/44 MP: 3/3
   996 | D:3      | Found a faded altar of an unknown god.
  1089 | D:3      | Noticed BigZZ40's ghost (amateur DrFi)
  1115 | D:3      | Killed BigZZ40's ghost
  1115 | D:3      | Reached skill level 4 in Unarmed Combat
  1115 | D:3      | Reached XP level 5. HP: 33/53 MP: 4/4
  1365 | D:3      | Reached XP level 6. HP: 60/61 MP: 5/5
  1373 | D:3      | Reached *** piety under Trog
  1418 | D:3      | Reached skill level 5 in Unarmed Combat
  1911 | D:4      | Found a basalt altar of Yredelemnul.
  2238 | D:4      | Got a twisted rapier
  2239 | D:4      | Identified the +10 rapier "Wily" {vamp, Stlth+} (You found it on level 4 of the Dungeon)
  2347 | D:5      | Entered Level 5 of the Dungeon
  2347 | D:5      | Found a radiant altar of Vehumet.
  2387 | D:5      | Reached skill level 6 in Unarmed Combat
  2387 | D:5      | Reached XP level 7. HP: 61/67 MP: 6/6
  2490 | D:5      | Got a translucent ring mail
  2747 | D:5      | Reached **** piety under Trog
  2841 | D:6      | Reached skill level 1 in Short Blades
  2915 | D:6      | Reached skill level 5 in Dodging
  2950 | D:6      | Reached XP level 8. HP: 78/78 MP: 7/7
  3020 | D:6      | Found an iron altar of Okawaru.
  3267 | D:7      | Reached skill level 1 in Stealth
  3631 | D:7      | Found a staircase to the Ecumenical Temple.
  3708 | D:7      | Slain by a hog

Vault maps used:
D:1:      dpeg_arrival_chase, minivault_24
D:2:      nicolae_overflow_crystal_walls, lemuel_doored_altar,
          small_statue_intersection, uniq_terence
D:3:      first_bread, chequers_ecumenical_altar_simple_redux
D:4:      marbit_many_paths, serial_bayou_ford_a, grunt_ministairs_2,
          minivault_5
D:5:      basic_altar, nicolae_tso_swordbearing_angel
D:6:      okawaru_ov_weapons_minmay, corner_web_ring, grunt_ministairs_9
D:7:      temple_statues, grunt_livestock

Skill      XL: |  1  2  3  4  5  6  7  8 |
---------------+-------------------------+-----
Dodging        | 3 4 5 |  5.8
Fighting       | 3 4 |  4.0
Unarmed Combat | 4 6 |  6.0
Short Blades   | 2 4 |  4.8
Stealth        | 1 |  1.0

Action                   |  1- 3 |  4- 6 |  7- 9 || total
-------------------------+-------+-------+-------++-------
Melee: Unarmed           |    62 |   146 |       ||   208
       Punch             |     1 |     1 |     2 ||     4
       Short sword       |       |    17 |       ||    17
       Rapier            |       |     6 |   117 ||   123
Invok: Berserk           |     1 |     4 |     1 ||     6
       Burn Spellbooks   |       |       |     1 ||     1
       Trog's Hand       |       |       |     1 ||     1
  Use: Scroll            |     1 |     8 |     4 ||    13
  Eat: Chunk             |    14 |    16 |    19 ||    49
Armor: Animal skin       |    24 |    80 |    39 ||   143
Dodge: Dodged            |    34 |   128 |    97 ||   259

Table legend:
 A = Spawn XP
 B = Non-spawn XP
 C = Spawn XP percentage of total XP
 D = Spawn monster count
 E = Non-spawn monster count
 F = Spawn count percentage of total count
 G = Total turns spent on level
                    A         B        C        D         E        F      G
               +---------+---------+-------+---------+---------+-------+---------
         Total |       0 |    2407 |   0.0 |       0 |     132 |   0.0 |  3708
               +---------+---------+-------+---------+---------+-------+---------
           D:1 |       0 |      18 |   0.0 |       0 |      13 |   0.0 |   360
           D:2 |       0 |      83 |   0.0 |       0 |      19 |   0.0 |   559
           D:3 |       0 |     333 |   0.0 |       0 |      31 |   0.0 |   573
           D:4 |       0 |     289 |   0.0 |       0 |      25 |   0.0 |   855
           D:5 |       0 |     239 |   0.0 |       0 |      10 |   0.0 |   408
           D:6 |       0 |     582 |   0.0 |       0 |      17 |   0.0 |   495
           D:7 |       0 |     863 |   0.0 |       0 |      17 |   0.0 |   458
               +---------+---------+-------+---------+---------+-------+---------
